 Dungeon Crawl Stone Soup version 0.27-a0-1291-geefcff550b (webtiles) character file.

Game seed: 18438726618034378302

51 senseless the Covert (level 3, -12/35 HPs)
             Began as a Gnoll Delver on June 15, 2021.
             Mangled by a gnoll (15 damage)
             ... on level 2 of the Dungeon.
             The game lasted 00:04:41 (1677 turns).

senseless the Covert (Gnoll Delver)                 Turns: 1677, Time: 00:04:42

Health: -12/35     AC:  4    Str: 11    XL:     3   Next: 83%
Magic:  4/4        EV: 13    Int: 10    God:
Gold:   41         SH:  0    Dex: 13    Spells: 4/4 levels left

rFire    . . .     SeeInvis .   r - +0 war axe
rCold    . . .     Faith    .   (no shield)
rNeg     . . .     Spirit   .   b - +0 leather armour
rPois    .         Reflect  .   (no helmet)
rElec    .         Harm     .   (no cloak)
rCorr    .         Rampage  .   (no gloves)
Will     .....                  s - +0 pair of boots
Stlth    ++++......             (no amulet)
HPRegen  0.11/turn              (no ring)
MPRegen  0.09/turn              (no ring)

@: no status effects
A: fangs 1, strong nose, distributed training
a: no special abilities


You were on level 2 of the Dungeon.
You visited 1 branch of the dungeon, and saw 5 of its levels.

You collected 86 gold pieces.
You spent 45 gold pieces at shops.

Inventory:

Hand Weapons
 a - a +0 hand axe
 r - a +0 war axe (weapon)
Armour
 b - a +0 leather armour (worn)
 s - a +0 pair of boots (worn)
Wands
 g - a wand of digging (3)
Scrolls
 c - 2 scrolls of fog
 d - a scroll of magic mapping
 e - 2 scrolls of fear
 h - a scroll of enchant armour {unknown}
 i - a scroll of enchant weapon {unknown}
 j - a scroll of silence {unknown}
 k - 2 scrolls of teleportation {unknown}
 l - 3 scrolls of blinking {unknown}
 n - 5 scrolls of identify {unknown}
 o - a scroll of summoning {unknown}
 p - a scroll of holy word {unknown}
 q - a scroll of amnesia {unknown}
Potions
 f - a potion of haste
 m - a potion of cancellation {unknown}


   Skills:
 + Level 6.5 Fighting
 + Level 1.0 Short Blades
 + Level 1.0 Long Blades
 + Level 4.6 Axes
 + Level 1.0 Maces & Flails
 + Level 1.0 Polearms
 + Level 1.0 Staves
 + Level 1.0 Slings
 + Level 1.0 Bows
 + Level 1.0 Crossbows
 + Level 1.0 Throwing
 + Level 1.0 Armour
 + Level 4.6 Dodging
 + Level 9.5 Stealth
 + Level 1.0 Shields
 + Level 1.0 Unarmed Combat
 + Level 1.0 Spellcasting
 + Level 0.7 Conjurations
 + Level 0.7 Hexes
 + Level 0.7 Summonings
 + Level 0.7 Necromancy
 + Level 0.7 Translocations
 + Level 0.7 Transmutations
 + Level 0.7 Fire Magic
 + Level 0.7 Ice Magic
 + Level 0.7 Air Magic
 + Level 0.7 Earth Magic
 + Level 0.7 Poison Magic
 + Level 1.0 Invocations
 + Level 1.0 Evocations


You had 4 spell levels left.
You didn't know any spells.
Your spell library contained the following spells:

 Spells                   Type           Power      Damage    Failure   Level
 Magic Dart               Conj           4%         1d3       34%         1
 Blink                    Tloc           N/A        N/A       45%         2
 Call Imp                 Summ           1%         N/A       45%         2
 Slow                     Hex            1%         N/A       45%         2
 Conjure Flame            Conj/Fire      1%         6-21      71%         3
 Mephitic Cloud           Conj/Pois/Air  1%         N/A       71%         3


Dungeon Overview and Level Annotations

Branches:
Dungeon (5/15)
 Temple: D:4-7

Altars:
Wu Jian

Shops:
D:2 [(


Innate Abilities, Weirdness & Mutations

You have very sharp teeth.
Your uncanny sense of smell can sniff out nearby items.
Your experience applies equally to all skills.


Message History

You see here a +0 whip.
A gnoll is nearby!
A goblin comes into view.
It is wielding a +0 club. 2 gnolls come into view.
Found a stone staircase leading down.
Found a scroll labelled DINWOE NESU.
The helpless gnoll fails to defend itself.
You slash the gnoll! You bite the gnoll, but do no damage.
The gnoll is almost dead.
The helpless gnoll fails to defend itself.
You hit the gnoll.
The helpless gnoll fails to defend itself.
You hit the gnoll. The gnoll hits you with a +0 whip!
The gnoll closely misses you. The gnoll barely misses you.
The gnoll hits you with a +0 whip. The gnoll completely misses you.
The gnoll hits you but does no damage.
The goblin shouts!
You hit the gnoll.
The gnoll is almost dead.
You hit the gnoll. x2; The gnoll misses you.
The gnoll hits you with a +0 spear. The gnoll hits you with a +0 halberd!
You are too injured to fight recklessly!
You are too injured to fight recklessly!
Unknown command.
The gnoll barely misses you. The gnoll hits you with a +0 halberd!
* * * LOW HITPOINT WARNING * * *
The gnoll misses you. The gnoll barely misses you. The gnoll misses you.
You hit the goblin.
The goblin is moderately wounded.
The gnoll misses you. The goblin closely misses you.
You hit the goblin.
You kill the goblin!
The gnoll misses you.
The gnoll hits you from afar with a +0 spear.
* * * LOW HITPOINT WARNING * * *
You hit the gnoll.
You kill the gnoll!
The gnoll hits you from afar with a +0 halberd!
You die...

#######.# #.....#
#...... #####......
##........## ##
#####..##.∩...# ##.
#.....####..<.#
#####..#######.#####
#....#
#.......>.#)@).#
#....#
#.........g.####
###### #?........###
#.....[...#
###########


You could see a gnoll.

Vanquished Creatures
  2 gnolls (D:2)
  An adder (D:2)
  A dart slug (D:2)
  2 ball pythons (D:2)
  2 bats
  2 endoplasms (D:1)
  2 goblins
  3 hobgoblins
  7 jackals (D:1)
  5 kobolds
  2 rats
29 creatures vanquished.

Notes
Turn   | Place    | Note
-------+----------+-------------------------------------------
     0 | D:5      | Reached skill level 9 in Stealth
     0 | D:5      | senseless the Gnoll Delver began the quest for the Orb.
     0 | D:5      | Reached XP level 1. HP: 23/23 MP: 1/1
     4 | D:5      | Noticed a jelly
    16 | D:5      | Found an ornate altar of the Wu Jian Council.
   176 | D:2      | Found Ucsunwes's Antique Weapon Boutique.
   264 | D:2      | Reached XP level 2. HP: 20/29 MP: 2/2
   749 | D:1      | Reached XP level 3. HP: 35/35 MP: 3/3
  1125 | D:1      | Reached skill level 1 in Invocations
  1544 | D:2      | Found Xiloazi's Armour Shoppe.
  1551 | D:2      | Bought a +0 pair of boots for 45 gold pieces
  1576 | D:2      | Reached skill level 1 in Short Blades
  1576 | D:2      | Reached skill level 1 in Long Blades
  1576 | D:2      | Reached skill level 1 in Maces & Flails
  1576 | D:2      | Reached skill level 1 in Polearms
  1576 | D:2      | Reached skill level 1 in Staves
  1576 | D:2      | Reached skill level 1 in Slings
  1576 | D:2      | Reached skill level 1 in Bows
  1576 | D:2      | Reached skill level 1 in Crossbows
  1576 | D:2      | Reached skill level 1 in Throwing
  1576 | D:2      | Reached skill level 1 in Armour
  1576 | D:2      | Reached skill level 1 in Shields
  1576 | D:2      | Reached skill level 1 in Unarmed Combat
  1576 | D:2      | Reached skill level 1 in Spellcasting
  1576 | D:2      | Reached skill level 1 in Evocations
  1677 | D:2      | Mangled by a gnoll

Illustrated notes

Levels and vault maps discovered:
D:1:      psy_arrival_dodecagon, layout_basic
D:2:      layout_rooms, serial_shops, shop, shop, kennysheep_generic_room_14
D:3:      layout_loops_cross, old_standard_altar,
          beargit_hepliaklqana_dungeon_heroes, nicolae_overflow_hidden_temple,
          serial_shops, shop, shop, nicolae_shop_behind_doors,
          chequers_ecumenical_altar_simple
D:4:      layout_basic, serial_shops, nicolae_shop_stone, uniq_blork_the_orc,
          uniq_sigmund, uniq_duvessa
D:5:      layout_cave_pools, kennysheep_mini, lemuel_round_altar

Skill      XL: |  1  2  3 |
---------------+----------+-----
Stealth        | |  9.5
Invocations    | 1 |  1.0
Short Blades   | 1 |  1.0
Long Blades    | 1 |  1.0
Maces & Flails | 1 |  1.0
Polearms       | 1 |  1.0
Staves         | 1 |  1.0
Slings         | 1 |  1.0
Bows           | 1 |  1.0
Crossbows      | 1 |  1.0
Throwing       | 1 |  1.0
Armour         | 1 |  1.0
Shields        | 1 |  1.0
Unarmed Combat | 1 |  1.0
Spellcasting   | 1 |  1.0
Evocations     | 1 |  1.0
Fighting       | |  6.5
Axes           | |  4.6
Dodging        | |  4.6
Conjurations   | |  0.7
Hexes          | |  0.7
Summonings     | |  0.7
Necromancy     | |  0.7
Translocations | |  0.7
Transmutations | |  0.7
Fire Magic     | |  0.7
Ice Magic      | |  0.7
Air Magic      | |  0.7
Earth Magic    | |  0.7
Poison Magic   | |  0.7

Action                   || total
-------------------------++-------
Melee: Hand axe          ||    75
       Bite              ||     5
       War axe           ||    26
 Stab: Sleeping          ||     8
Armor: Leather armour    ||    23
Dodge: Dodged            ||    81

Table legend: (Time is in decaauts)
 A = Elapsed time spent in this place.
 B = Non-inter-level travel time spent in this place.
 C = Inter-level travel time spent in this place.
 D = Time resting spent in this place.
 E = Time spent auto-exploring this place.
 F = Levels seen in this place.
 G = Mean time per level.
                   A        B        C        D        E       F      G
               +--------+--------+--------+--------+--------+-----+--------+
         Total |   1688 |   1624 |     64 |      0 |   1299 |   5 |  337.6 |
       Dungeon |   1688 |   1624 |     64 |      0 |   1299 |   5 |  337.6 |
               +--------+--------+--------+--------+--------+-----+--------+

Top non-repeatable levels by time:
     D:1: 987 daAuts
     D:2: 658 daAuts
     D:5: 21 daAuts
     D:3: 12 daAuts
     D:4: 8 daAuts
